 Seeded DCSS version 0.30.1-4-g462c640d31 (webtiles) character file.

Game seed: 15660985446129201502 (custom seed)

73 AccursedSamuel the Slasher (level 4, 0/28 HPs)
             Began as a Tengu Monk on Sept 14, 2023.
             Slain by an adder (4 damage)
             ... on level 2 of the Dungeon.
             The game lasted 00:02:09 (1264 turns).

AccursedSamuel the Slasher (Tengu Monk)             Turns: 1264, Time: 00:02:10

Health: 0/28       AC:  2    Str: 12    XL:     4   Next: 27%
Magic:  5/5        EV: 14    Int: 10    God:
Gold:   196        SH:  0    Dex: 18    Spells: 3/3 levels left

rFire   . . .        e - +7 triple sword "Raced" {flame, Will+}
rCold   . . .        (shield currently unavailable)
rNeg    . . .        b - +0 robe
rPois   .            (helmet restricted)
rElec   .            (no cloak)
rCorr   .            (no gloves)
SInv    .            (boots unavailable)
Will    +....        (no amulet)
Stlth   ++           (no ring)
HPRegen 0.24/turn    (no ring)
MPRegen 0.09/turn

%: no passive effects
@: no status effects
A: beak, talons 3
a: no special abilities


You were on level 2 of the Dungeon.
You visited 1 branch of the dungeon, and saw 2 of its levels.

You collected 196 gold pieces.

Inventory:

Hand Weapons
 e - the +7 triple sword "Raced" (weapon) {flame, Will+}
   (You acquired it on level 1 of the Dungeon)

   Will:      It increases your willpower.
Armour
 b - a +0 robe (worn)
 d - an orb of light
Jewellery
 k - a +4 ring of protection
Scrolls
 f - 2 scrolls of teleportation {unknown}
 i - a scroll of identify {unknown}
 l - a scroll of enchant armour {unknown}
 m - a scroll of noise {unknown}
Potions
 a - a potion of curing {unknown}
 c - a potion of ambrosia
 g - 2 potions of magic {unknown}
 h - a potion of heal wounds {unknown}
 j - a potion of flight {unknown}
 n - a potion of degeneration {unknown}


   Skills:
 + Level 3.6 Fighting
 + Level 4.5 Long Blades
 + Level 3.8 Dodging
 + Level 0.2 Stealth


You had 3 spell levels left.
You didn't know any spells.
Your spell library contained the following spells:

 Spells                   Type           Power      Damage    Failure   Level
 Cigotuvi's Dreadful Rot  Necr/Pois/Air  0%         N/A       50%         2
 Dispel Undead            Necr           0%         3d6       98%         4
 Death Channel            Necr           0%         N/A       100%        6


Dungeon Overview and Level Annotations

Branches:
Dungeon (2/15)

Altars:


Innate Abilities, Weirdness & Mutations

You have a beak for a mouth.
You have claws for feet.


Message History

The quokka barely misses you.
You miss the quokka. Your kick misses the quokka. The quokka bites you. x2
You slice the quokka!! You burn the quokka.
You kill the quokka!
The frilled lizard closely misses you.
You see here a quokka corpse.
You slice the frilled lizard!! You burn the frilled lizard.
You kill the frilled lizard!
You see here a frilled lizard corpse.
A quokka and an endoplasm come into view.
Found a scroll labelled PUWKIGHIN CIXT.
An adder comes into view.
Found 9 stones.
The endoplasm quivers.
A spectral kobold comes into view.
Found a bubbling coppery potion.
Found a faded altar of an unknown god.
The adder hisses angrily.
The quokka bites you. The quokka bites you.
You barely miss the quokka. Your kick misses the quokka. The quokka bites you.
The quokka barely misses you. The endoplasm hits you.
You barely miss the quokka. Your kick misses the quokka.
Your peck misses the quokka. The quokka bites you. The endoplasm freezes you.
You are frozen.
The adder bites you.
* * * LOW HITPOINT WARNING * * *
The quokka closely misses you. The endoplasm barely misses you.
The adder misses you. The endoplasm attacks as you move away!
The endoplasm closely misses you. The quokka closely misses you.
The spectral kobold attacks as you move away!
The spectral kobold hits you but does no damage.
The adder attacks as you move away! The adder closely misses you.
The quokka bites you.
* * * LOW HITPOINT WARNING * * *
The quokka closely misses you. The adder closely misses you.
The adder completely misses you. The adder attacks as you move away!
The adder bites you.
You die...

.##### #.# #...+ ~~~ .# #.#
#..~+ !~._ .#
###.###+##...+.~~.. .#
#...........~#~.~.. .#
#...........~~#.(. .#
#.......[....~~###. .#.#
#................~. .#.#
#...††..SJ.....?~~# .#.#
#......@rZ.......~~ .#.#
###.###.##$........ ...# #
#.# #.##......... ...#.# #.#
#.##.........
..<#.#######.###.##.........
.................##.........
)........................###
...............)####
..#######..#.##[#


You could see a spectral kobold, an adder, an endoplasm and a quokka.

Vanquished Creatures
  Jessica (D:2)
  A dart slug (D:2)
  4 endoplasms
  2 giant cockroaches (D:2)
  5 goblins
  4 hobgoblins
  5 kobolds
  4 quokkas
  3 ball pythons
  2 bats (D:1)
  7 frilled lizards
  6 rats
44 creatures vanquished.

Notes
Turn   | Place    | Note
-------+----------+-------------------------------------------
     0 | D:1      | AccursedSamuel the Tengu Monk began the quest for the Orb.
     0 | D:1      | Reached XP level 1. HP: 14/14 MP: 2/2
    68 | D:1      | Reached XP level 2. HP: 19/19 MP: 3/3
   125 | D:1      | Identified a scroll of acquirement
   125 | D:1      | Acquired the +7 triple sword "Raced" {flame, Will+}
   414 | D:1      | Reached XP level 3. HP: 19/23 MP: 4/4
   897 | D:2      | Noticed Jessica
   901 | D:2      | Killed Jessica
   902 | D:2      | Reached skill level 4 in Long Blades
   915 | D:2      | Reached XP level 4. HP: 17/28 MP: 5/5
  1256 | D:2      | Found a faded altar of an unknown god.
  1264 | D:2      | Slain by an adder

Illustrated notes

Levels and vault maps discovered:
D:1:      minmay_arrival_pointy, layout_loops_ring, minmay_gold_behind_fungi
D:2:      layout_basic, dreamdust_ecumenical_altar_drowned_temple,
          hangedman_decor_clover_reticule, fountainhead,
          uniq_crazy_yiuf_cottage, uniq_jessica

Skill      XL: |  1  2  3 |
---------------+----------+-----
Long Blades    | 4 |  4.5
Fighting       | |  3.6
Dodging        | |  3.8
Stealth        | |  0.2

Action                     |  1- 3 |  4- 6 || total
---------------------------+-------+-------++-------
  Melee: Falchion          |    13 |       ||    13
         Kick              |     9 |     1 ||    10
         Peck              |     3 |     2 ||     5
         Triple sword      |    27 |    20 ||    47
    Use: Scroll            |     1 |       ||     1
   Stab: Sleeping          |     1 |     1 ||     2
 Armour: Robe              |     6 |     4 ||    10
  Dodge: Dodged            |    37 |    22 ||    59
